AoeStats
← SAFIRA

Pilgrims

510216888Analyzed
2v2 RM · 3d ago on Sep 30, 2026· 76m 13s· 4 players
Game mode
Random Map
Map size
Medium (4 player)
Population
200
Speed
Normal
Resources
Standard
Victory
Conquest
Starting age
Dark Age
Ending age
Imperial Age
RankedLock teamsTeams togetherTeam positionsShared explorationLock speedFull tech treeHidden civsTurbo modeCheats
Victory
Defeat
🇧🇷 Britons · Brazil
628
+13
🇧🇷 Romans · Brazil
571
+15
🇨🇱 Malay · Chile
557
-24
🇨🇱 Japanese · Chile
557
-24
Med
6:02 Loom
10:20 Feudal Age
11:28 Double-Bit Axe
12:40 Town Watch
15:07 Fishing Lines
15:40 Horse Collar
16:30 Gold Mining
19:27 Stone Mining
24:15 Castle Age
23:53 Wheelbarrow
25:23 Medium Warships
25:31 Bow Saw
25:07 Crossbowman
28:23 Husbandry
27:44 Light Cavalry
29:54 Gillnets
39:03 Imperial Age
38:11 Gold Shaft Mining
37:40 Pikeman
38:21 Squires
39:30 Heavy Plow
40:11 Bloodlines
41:38 Hand Cart
41:25 Town Patrol
45:47 Conscription
49:00 Elite Centurion
61:08 Ballistics
60:59 Masonry
63:18 Chemistry
SAFIRA
6:12 Loom
11:05 Feudal Age
12:52 Wheelbarrow
12:34 Double-Bit Axe
13:23 Horse Collar
14:14 Town Watch
14:50 Gold Mining
15:43 Fishing Lines
17:03 Stone Mining
19:09 Padded Archer Armor
18:59 Fletching
21:14 Scale Barding Armor
24:14 Castle Age
22:14 Arson
25:48 Husbandry
25:13 Crossbowman
29:36 Yeomen
31:39 Leather Archer Armor
31:28 Scale Mail Armor
31:39 Forging
37:47 Hand Cart
40:03 Imperial Age
38:32 Town Patrol
38:49 Heavy Plow
38:35 Treadmill Crane
38:45 Heated Shot
38:47 Guard Tower
39:07 Masonry
41:37 Ballistics
42:04 Conscription
41:40 Cranequins
43:22 Elite Longbowman
50:48 Heavy Scorpion
60:27 Chemistry
64:58 Capped Ram
el 3.14chula
12:22 Feudal Age
13:23 Gold Mining
13:55 Double-Bit Axe
19:23 Castle Age
18:06 Fishing Lines
23:40 Forging
23:31 Scale Mail Armor
24:41 Bow Saw
25:51 Gillnets
32:57 Wheelbarrow
32:46 Loom
33:30 Yasama
35:40 Iron Casting
42:19 Hand Cart
53:27 Chain Mail Armor
74:39 Man-at-Arms
75:05 Gambesons
75:21 Squires
75:39 Long Swordsman
pensandobrigido1
12:35 Feudal Age
12:27 Town Watch
12:42 Fishing Lines
14:24 Horse Collar
14:31 Double-Bit Axe
15:23 Gold Mining
19:23 Stone Mining
19:03 Man-at-Arms
20:36 Wheelbarrow
27:05 Castle Age
27:05 Hand Cart
26:51 Town Patrol
27:25 Bow Saw
27:17 Heavy Plow
27:47 Gillnets
28:35 Squires
28:21 Arson
27:59 Long Swordsman
29:08 Forging
31:33 Gold Shaft Mining
31:33 Stone Shaft Mining
31:39 Iron Casting
35:06 Imperial Age
34:05 Elite Karambit Warrior
35:30 Crop Rotation
38:29 Medium Warships
39:21 Forced Levy
41:44 Blast Furnace
48:23 Onager
Connection lost

Rejoining the realm…

Still unreachable

The connection could not be restored.

Session expired

The server has moved on; the page needs a fresh start.